 Dungeon Crawl Stone Soup version 0.26-a0-543-ge420d365 (webtiles) character file.

Game seed: 17413740581929726005

95 B1Gdaddy5 the Ducker (level 4, 45/45 HPs)
             Began as a Troll Fighter on Aug 19, 2020.
             Quit the game on level 2 of the Dungeon.
             The game lasted 00:43:13 (1669 turns).

B1Gdaddy5 the Ducker (Troll Fighter)                Turns: 1669, Time: 00:43:13

Health: 45/45      AC:  6    Str: 24    XL:     4   Next: 39%
Magic:  3/3        EV:  8    Int:  4    God:
Gold:   49         SH:  9    Dex: 10    Spells: 3/3 levels left

rFire    . . .     SeeInvis .     - Unarmed
rCold    . . .     Faith    .   b - +0 kite shield
rNeg     . . .     Spirit   .   a - +0 robe
rPois    .         Reflect  .   (helmet restricted)
rElec    .         Harm     .   (no cloak)
rCorr    .                      (gloves unavailable)
MR       .....                  (boots unavailable)
Stlth    +.........             (no amulet)
HPRegen  0.55/turn              (no ring)
MPRegen  0.08/turn              (no ring)

@: no status effects
A: large, unfitting armour, claws 3, regeneration 1, shaggy fur 1, tough skin 3
a: no special abilities


You were on level 2 of the Dungeon.
You visited 1 branch of the dungeon, and saw 2 of its levels.

You collected 49 gold pieces.

Inventory:

Missiles
 f - 23 arrows
 h - 12 stones
 m - 16 poisoned darts (quivered)
Armour
 a - a +0 robe (worn)
 b - a +0 kite shield (worn)
 y - a +0 robe
Jewellery
 d - an uncursed ring of see invisible {unknown}
 o - a +4 ring of protection {unknown}
Scrolls
 e - a scroll of teleportation
 g - a scroll of fog {unknown}
 l - a scroll of fear {unknown}
Potions
 c - a potion of might
 i - a potion of ambrosia {unknown}
 n - a potion of curing {unknown}


   Skills:
 + Level 3.0 Fighting
 + Level 3.0 Dodging
 + Level 3.0 Shields
 + Level 2.9 Unarmed Combat


You had 3 spell levels left.
You didn't know any spells.
Your spell library was empty.

Dungeon Overview and Level Annotations

Branches:
Dungeon (2/15)

Altars:
Fedhas
Wu Jian


Innate Abilities, Weirdness & Mutations

You are too large for most types of armour.
You have claws for hands.
Your natural rate of healing is unusually fast.
You are covered in fur. (AC +1)
You have extremely tough skin. (AC +3)


Message History

Do you wish to (r)edefine, (c)lear, or (a)bort?
Cleared macro 'm' => 'y'.
Unknown command.
Saving game... please wait.
Welcome back, B1Gdaddy5 the Troll Fighter.
Press ? for a list of commands and other information.
Unknown command.
Adjust to which letter? (? for menu, Esc to quit)
y - 23 arrows Throwing (i - inventory. (/) - cycle)
m - 16 poisoned darts (quivered)
Press: ? - help, Shift-Dir - straight line, f - you
Okay, then.
Adjust to which letter? (? for menu, Esc to quit)
f - 23 arrows;
y - a robe Unknown command.
There is a stone staircase leading up here.
Unknown command.
Drop what? 15/52 slots (_ for help) (? for menu, Esc to quit)
You drop 21 bolts.
Are you sure you want to abandon this character and quit the game? (Confirm with "yes".)

#...............######...#######
##.....###.####### #...#
#.......##.# #...# #.......)..#
#...# #.......#### #...#
.....).## ####...# .....<##
####......# #.#..##
#######.....##_.# .....#
#.....@.....##..# #.#..#
#.##............# .....#
#.##.<.......####### ....##
#................... #####
#.##.........###.###
#............# #.#
(...(.#.####.## #.# #####.###
#.# #.# #.# ... #.#


There were no monsters in sight!

Vanquished Creatures
  4 adders (D:2)
  2 worms (D:2)
  A dart slug (D:2)
  2 leopard geckos
  2 bats (D:2)
  6 giant cockroaches
  2 goblins
  8 hobgoblins
  6 jackals (D:1)
  4 kobolds
  6 frilled lizards (D:1)
  5 rats
48 creatures vanquished.

Notes
Turn   | Place    | Note
-------+----------+-------------------------------------------
     0 | D:1      | B1Gdaddy5 the Troll Fighter began the quest for the Orb.
     0 | D:1      | Reached XP level 1. HP: 22/22 MP: 0/0
   128 | D:1      | Reached XP level 2. HP: 29/29 MP: 1/1
   600 | D:1      | Reached XP level 3. HP: 34/36 MP: 2/2
  1210 | D:2      | Reached XP level 4. HP: 44/44 MP: 3/3
  1285 | D:2      | Found a blossoming altar of Fedhas.
  1526 | D:2      | Found an ornate altar of the Wu Jian Council.
  1669 | D:2      | Quit the game

Illustrated notes

Levels and vault maps discovered:
D:1:      dpeg_arrival_long_road, layout_basic, grunt_decor_arrowhead
D:2:      layout_loops_cross, fedhas_altar_3, overflow_temple_1_default

Skill      XL: |  1  2  3  4 |
---------------+-------------+-----
Dodging        | 3 |  3.0
Fighting       | 3 |  3.0
Shields        | 3 |  3.0
Unarmed Combat | |  2.9

Action                   |  1- 3 |  4- 6 || total
-------------------------+-------+-------++-------
Melee: Unarmed           |   119 |    12 ||   131
Throw: Stone             |     6 |       ||     6
  Use: Scroll            |     1 |       ||     1
 Stab: Sleeping          |     1 |       ||     1
Armor: Robe              |    51 |     4 ||    55
Dodge: Dodged            |    35 |     7 ||    42
Block: Kite shield       |    52 |     6 ||    58

Table legend: (Time is in decaauts)
 A = Elapsed time spent in this place.
 B = Non-inter-level travel time spent in this place.
 C = Inter-level travel time spent in this place.
 D = Time resting spent in this place.
 E = Time spent auto-exploring this place.
 F = Levels seen in this place.
 G = Mean time per level.
                   A        B        C        D        E       F      G
               +--------+--------+--------+--------+--------+-----+--------+
         Total |   1673 |   1580 |     93 |     18 |     59 |   2 |  836.5 |
       Dungeon |   1673 |   1580 |     93 |     18 |     59 |   2 |  836.5 |
               +--------+--------+--------+--------+--------+-----+--------+

Top non-repeatable levels by time:
     D:1: 993 daAuts
     D:2: 679 daAuts
